[Event "Titled Tuesday Blitz May 2 Late 2023"]
[White "Averjanov, Alexey"]
[Black "Marczuk, Dominik"]
[WhiteFideId "14109867"]
[BlackFideId "1111264"]
[WhiteElo "2399"]
[BlackElo "2174"]
[Result "1-0"]
[Round "03"]
[TimeControl "180+2"]
[Date "2023.05.02"]
[WhiteClock "0:01:25"]
[BlackClock "0:00:03"]

1. d4 Nf6 2. c4 g6 3. Nc3 Bg7 4. e4 d6 5. Be2 O-O 6. Nf3 e5 7. O-O Nc6 8. d5 Ne7 9. Ne1 Nd7 10. Be3 f5 11. f3 f4 12. Bf2 g5 13. a4 Ng6 14. a5 Nf6 15. c5 h5 16. cxd6 cxd6 17. Nb5 g4 18. Bxa7 g3 19. Bb6 Qe7 20. Nc7 gxh2+ 21. Kxh2 Rb8 22. Rh1 h4 23. Kg1 Nh5 24. Rh2 Bd7 25. Rc1 Ng3 26. Ne6 Rfc8 27. Bc4 Bf6 28. Nd3 Nf8 29. Nb4 Nxe6 30. dxe6 Bxe6 31. Nd5 Bxd5 32. Qxd5+ Kg7 33. Kf2 Rc6 34. b3 Rbc8 35. Rd1 Qd7 36. Rd2 Qe7 37. Rd1 Qd7 38. Rd2 Qe7 39. Kg1 Qd7 40. Rh3 Qe7 41. Kf2 Qd7 42. Ke1 Qe7 43. Kd1 Qd7 44. Kc2 Rxc4+ 45. bxc4 Qa4+ 46. Kb1 Rxc4 47. Rb2 Ne2 48. Rxe2 Qb4+ 49. Rb2 Qe1+ 50. Ka2 Rb4 51. Rxb4 1-0


[Site "https://www.chess.com"]

[Event "Titled Tuesday Blitz May 2 Late 2023"]
[White "Womacka, Mathias"]
[Black "Wieczorek, Oskar"]
[WhiteFideId "4611390"]
[BlackFideId "1133950"]
[WhiteElo "2377"]
[BlackElo "2418"]
[Result "1-0"]
[Round "03"]
[TimeControl "180+2"]
[Date "2023.05.02"]
[WhiteClock "0:00:00"]
[BlackClock "0:00:00"]

1. e4 c5 2. Nf3 e6 3. d4 cxd4 4. Nxd4 Nf6 5. Nc3 d6 6. Be2 Nc6 7. Be3 Be7 8. O-O O-O 9. f4 Bd7 10. Nb3 a6 11. a4 b6 12. Bf3 Qc7 13. Qe2 Rfe8 14. Qc4 Rec8 15. g4 Ne5 16. Qxc7 Nxf3+ 17. Rxf3 Rxc7 18. g5 Ne8 19. Bxb6 Rc4 20. Rd3 Rac8 21. Bf2 Rb4 22. Kg2 Bc6 23. Kg3 Bxe4 24. Nxe4 Rxe4 25. c3 g6 26. Rd4 Re2 27. Rd2 Re4 28. Rd4 d5 29. Rxe4 dxe4 30. Nd2 Nd6 31. Re1 Rb8 32. b4 Nf5+ 33. Kg2 e5 34. fxe5 Bxg5 35. Nxe4 Be7 36. Bc5 Bh4 37. Rd1 Re8 38. Nf6+ Bxf6 39. exf6 Rc8 40. Kf3 h5 41. Rd7 g5 42. Ra7 Rc6 43. Ke4 Rxf6 44. Ke5 Kg7 45. b5 axb5 46. axb5 Kg6 47. b6 Re6+ 48. Kd5 Re8 49. b7 Rb8 50. Kc6 g4 51. Ra8 Rg8 52. Rxg8+ 1-0


[Site "https://www.chess.com"]

[Event "Titled Tuesday Blitz May 2 Late 2023"]
[White "Pantev, Veselin"]
[Black "Gurevich, Dmitry"]
[WhiteFideId "2901390"]
[BlackFideId "2000407"]
[WhiteElo "2427"]
[BlackElo "2506"]
[Result "1-0"]
[Round "03"]
[TimeControl "180+2"]
[Date "2023.05.02"]
[WhiteClock "0:00:13"]
[BlackClock "0:00:01"]

1. d4 Nf6 2. Nf3 e6 3. Bf4 b6 4. e3 Bb7 5. Be2 Be7 6. h3 O-O 7. O-O c5 8. c3 cxd4 9. cxd4 d6 10. Nc3 a6 11. a4 Nbd7 12. Rc1 Rc8 13. Bh2 Rc7 14. Qb3 Qa8 15. Qa3 Ne8 16. Rfd1 Ndf6 17. Qb3 Qa7 18. Bf4 h6 19. Bg3 Nd5 20. Nd2 Nef6 21. Na2 Rfc8 22. Rxc7 Nxc7 23. e4 Nxe4 24. Nxe4 Bxe4 25. Nc3 Bb7 26. Bc4 d5 27. Bd3 Ne8 28. Bb1 Bd6 29. Be5 Bxe5 30. dxe5 Bc6 31. Qc2 g6 32. Qd2 Kg7 33. Qe3 Qb7 34. Rd4 Qe7 35. h4 b5 36. axb5 Bxb5 37. Nxb5 axb5 38. Bd3 b4 39. Qf4 f5 40. exf6+ Qxf6 41. Rxb4 Qxf4 42. Rxf4 e5 43. Rb4 e4 44. Be2 Nd6 45. Rd4 Rc2 46. Rxd5 Rxe2 47. Rxd6 Rxb2 48. Rd4 e3 49. fxe3 h5 50. Rf4 Rb5 51. Kf2 Rb2+ 52. Kf3 Ra2 53. g3 Rb2 54. g4 hxg4+ 55. Rxg4 Kf6 56. Ra4 Kf5 57. Ra5+ Kf6 58. Kf4 Rb4+ 59. e4 Rb1 60. Ra6+ Kf7 61. Ra5 Rh1 62. Kg4 Rg1+ 63. Kf3 Rh1 64. Kg3 Rg1+ 65. Kf3 Rh1 66. Ra7+ Kf6 67. Rh7 Rh3+ 68. Kf4 Rh1 69. e5+ Ke6 70. Kg5 Rf1 71. Kxg6 Rg1+ 72. Kh5 Kxe5 73. Rf7 Ke6 74. Rf3 Rg2 75. Kh6 Ke7 76. h5 Rg1 77. Kh7 Rg2 78. Rf5 Rg1 79. Ra5 Rg2 80. Ra6 Kf7 81. Rg6 Rh2 82. Kh6 Rh1 83. Rg3 Rh2 84. Rg5 Rh1 85. Kh7 Rh2 86. Rf5+ 1-0


[Site "https://www.chess.com"]

[Event "Titled Tuesday Blitz May 2 Late 2023"]
[White "Olsson, William"]
[Black "Lenaerts, Lennert"]
[WhiteFideId "1741721"]
[BlackFideId "211435"]
[WhiteElo "2197"]
[BlackElo "2334"]
[Result "1-0"]
[Round "03"]
[TimeControl "180+2"]
[Date "2023.05.02"]
[WhiteClock "0:00:16"]
[BlackClock "0:01:03"]

1. c4 e5 2. g3 Nf6 3. Bg2 Bc5 4. Nc3 c6 5. Nf3 e4 6. Nh4 d5 7. d4 Be7 8. O-O h6 9. Bh1 g5 10. Ng2 dxc4 11. Ne3 Be6 12. Nxe4 Nxe4 13. Bxe4 Nd7 14. d5 cxd5 15. Nxd5 Nf6 16. Nxf6+ Bxf6 17. Bxb7 Qxd1 18. Rxd1 Rb8 19. Bc6+ Ke7 20. Be3 Bxb2 21. Bc5+ Kf6 22. Rab1 c3 23. Bd4+ Kg6 24. Bxh8 Rxh8 25. Be4+ f5 26. Rd6 Kf7 27. Bc2 Bxa2 28. Rbd1 Be6 29. Ra6 Rb8 30. Rxa7+ Kf6 31. Ra6 Ke7 32. Ra7+ Kf6 33. Rd6 Ke5 34. Rc6 Bb3 35. Ra5+ Kd4 36. e3# 1-0


[Site "https://www.chess.com"]

[Event "Titled Tuesday Blitz May 2 Late 2023"]
[White "Martins, Bruno Andre Leite"]
[Black "Sanhueza, Cristian"]
[WhiteFideId "1942255"]
[BlackFideId "116815"]
[WhiteElo "2240"]
[BlackElo "2219"]
[Result "1-0"]
[Round "03"]
[TimeControl "180+2"]
[Date "2023.05.02"]
[WhiteClock "0:01:15"]
[BlackClock "0:01:18"]

1. d4 Nf6 2. c4 g6 3. Nc3 Bg7 4. h4 c5 5. d5 d6 6. e4 b5 7. cxb5 a6 8. a4 Qa5 9. Bd2 O-O 10. Ra3 e6 11. h5 exd5 12. Nxd5 Qd8 13. Nxf6+ Bxf6 14. hxg6 hxg6 15. Bc4 Kg7 16. Bh6+ Kg8 17. Bxf8 Qxf8 18. Qf3 Bxb2 19. Qg3 Bxa3 20. Qh4 1-0


[Site "https://www.chess.com"]

[Event "Titled Tuesday Blitz May 2 Late 2023"]
[White "Adla, Diego"]
[Black "Kovalevsky, Stanislav"]
[WhiteFideId "100072"]
[BlackFideId "13508598"]
[WhiteElo "2377"]
[BlackElo "2174"]
[Result "1-0"]
[Round "03"]
[TimeControl "180+2"]
[Date "2023.05.02"]
[WhiteClock "0:01:50"]
[BlackClock "0:01:49"]

1. c4 c6 2. d4 d5 3. cxd5 cxd5 4. Bf4 Nc6 5. e3 Nf6 6. Nc3 e6 7. Bd3 Bd6 8. Bxd6 Qxd6 9. f4 O-O 10. Nf3 a6 11. Ne5 b5 12. g4 b4 13. g5 bxc3 14. gxf6 cxb2 15. Rb1 Nxe5 16. fxe5 Qb4+ 17. Kf2 g6 18. h4 Bd7 19. h5 Bb5 20. hxg6 Bxd3 21. Qxd3 fxg6 22. Rxh7 1-0


[Site "https://www.chess.com"]

[Event "Titled Tuesday Blitz May 2 Late 2023"]
[White "Mendez Fortes, Eduardo Jesus"]
[Black "Principe, Alexander"]
[WhiteFideId "3502376"]
[BlackFideId "3804542"]
[WhiteElo "2307"]
[BlackElo "2203"]
[Result "1-0"]
[Round "03"]
[TimeControl "180+2"]
[Date "2023.05.02"]
[WhiteClock "0:00:48"]
[BlackClock "0:00:02"]

1. e4 e6 2. d4 d5 3. Nd2 Nc6 4. Ngf3 Nf6 5. e5 Nd7 6. Nb3 a5 7. a4 b6 8. h4 Ba6 9. Bg5 Qc8 10. Bb5 Ncb8 11. h5 h6 12. Be3 c6 13. Be2 c5 14. c3 Bxe2 15. Qxe2 c4 16. Nbd2 Nc6 17. g4 Be7 18. g5 Qa6 19. Nf1 b5 20. axb5 Qxb5 21. Ng3 hxg5 22. Nxg5 Rb8 23. Qf3 Bxg5 24. Bxg5 Qxb2 25. O-O Qc2 26. Bc1 Rb3 27. Ra3 Nxd4 28. Qg4 Nf5 29. Rxa5 O-O 30. Nxf5 exf5 31. Qg5 Nxe5 32. Kh1 Qe4+ 33. f3 Nxf3 34. Qf4 Ne5+ 35. Qxe4 fxe4 36. Be3 Nd3 37. Bd4 f5 38. Rg1 Rf7 39. h6 Rb8 40. hxg7 Re8 41. Ra6 e3 42. Rh6 1-0


[Site "https://www.chess.com"]

[Event "Titled Tuesday Blitz May 2 Late 2023"]
[White "Feng, Eric"]
[Black "Pourkashiyan, Atousa"]
[WhiteFideId "30952590"]
[BlackFideId "12502014"]
[WhiteElo "1785"]
[BlackElo "2228"]
[Result "1/2-1/2"]
[Round "03"]
[TimeControl "180+2"]
[Date "2023.05.02"]
[WhiteClock "0:01:19"]
[BlackClock "0:00:07"]

1. d4 Nf6 2. c4 e6 3. Nf3 d5 4. g3 Be7 5. Bg2 O-O 6. O-O dxc4 7. Qc2 a6 8. a4 Bd7 9. Nbd2 c5 10. dxc5 Bxc5 11. Nxc4 Nc6 12. Bg5 Be7 13. Rfd1 Rc8 14. Qb3 Nd5 15. Bxe7 Qxe7 16. Nfe5 Nxe5 17. Nxe5 Bc6 18. Nxc6 bxc6 19. Rac1 a5 20. Qc4 Qb4 21. Bxd5 exd5 22. Qxb4 axb4 23. Rc5 Rfe8 24. e3 b3 25. Rd3 g6 26. Rxb3 Re4 27. a5 Ra4 28. Rbc3 Rb8 29. b3 Ra3 30. Rxc6 Rbxb3 31. R3c5 Rb1+ 32. Kg2 Rb2 33. Rxd5 Raa2 34. Rf6 Kg7 35. Rf4 Rb7 36. Rc4 Rbb2 37. Rf4 Rb7 38. h4 Ra7 39. g4 R2xa5 40. Rdd4 h6 41. Kg3 Ra1 42. Rc4 Rg1+ 43. Kh2 Rf1 44. Kg2 Rb1 45. Rc6 Rb5 46. Rcc4 Rd5 47. Rcd4 Rxd4 48. Rxd4 Ra5 49. Kg3 g5 50. hxg5 hxg5 51. Kf3 Kg6 52. Ke4 f6 53. f4 gxf4 54. exf4 Ra1 55. Kf3 Rf1+ 56. Kg2 Rc1 57. Rd8 Rc4 58. Kg3 Rc3+ 59. Kh4 Rc4 60. f5+ Kh6 61. Rd6 Kg7 62. Kh5 Rc7 63. Re6 Rb7 64. Rc6 Ra7 65. Kh4 Rb7 66. Kg3 Ra7 67. Kf4 Ra4+ 68. Kf3 Ra7 69. Ke4 Ra4+ 70. Kf3 Ra3+ 71. Kf4 Ra4+ 72. Kg3 Ra7 73. Kh4 Rb7 74. g5 fxg5+ 75. Kxg5 Kf7 76. Rh6 Rb1 77. Rh7+ Kg8 78. Ra7 Rb6 79. f6 Rb1 80. Ra8+ Kf7 81. Ra7+ Kf8 82. Ra8+ Kf7 83. Ra7+ Kf8 84. Rg7 Rg1+ 85. Kh6 Rh1+ 86. Kg6 Rg1+ 87. Kh7 Rh1+ 88. Kg6 Rg1+ 89. Kf5 Rxg7 90. fxg7+ Kxg7 1/2-1/2


[Site "https://www.chess.com"]

[Event "Titled Tuesday Blitz May 2 Late 2023"]
[White "Bruedigam, Martin"]
[Black "Haszon, David"]
[WhiteFideId "24608033"]
[BlackFideId "733610"]
[WhiteElo "2331"]
[BlackElo "2210"]
[Result "1/2-1/2"]
[Round "03"]
[TimeControl "180+2"]
[Date "2023.05.02"]
[WhiteClock "0:00:09"]
[BlackClock "0:00:07"]

1. d4 Nf6 2. c4 e6 3. Nc3 d5 4. cxd5 exd5 5. Bg5 Nbd7 6. e3 c6 7. Bd3 Be7 8. Qc2 O-O 9. h3 Re8 10. Nf3 h6 11. Bf4 a5 12. O-O Bb4 13. Ne5 Nxe5 14. Bxe5 Nd7 15. Bf4 Nf6 16. Be5 Nd7 17. Bg3 Nf6 18. Rab1 Bxc3 19. bxc3 Ne4 20. Bh2 Nd6 21. Bxd6 Qxd6 22. c4 Be6 23. Rxb7 Reb8 24. Rfb1 Rxb7 25. Rxb7 a4 26. c5 Qd8 27. a3 Qg5 28. Kf1 Qd8 29. Rb6 Qc7 30. Kg1 g5 31. Qd1 Kg7 32. Qf3 Rb8 33. Qg3 Qxg3 34. fxg3 Rc8 35. Ba6 Rc7 36. Rb4 Ra7 37. Rxa4 Bd7 38. g4 Kf6 39. Kf2 Ke7 40. Ke2 Ra8 41. Kd2 Rb8 42. Kc2 f5 43. gxf5 Bxf5+ 44. Bd3 Bd7 45. Ra7 Rf8 46. a4 Rf2+ 47. Kc3 Ra2 48. a5 Ke6 49. a6 Ra3+ 50. Kd2 Ra2+ 51. Ke1 Ra1+ 52. Kf2 h5 53. Be2 Ra2 54. Ra8 g4 55. hxg4 hxg4 56. g3 Kf6 57. Rd8 Bf5 58. Ke1 Ra1+ 59. Kf2 Ra2 60. Rf8+ Kg5 61. Rg8+ Kf6 62. Rf8+ Kg5 63. Kf1 Ra1+ 64. Kg2 Ra2 65. Kf1 Ra1+ 66. Kf2 Ra2 1/2-1/2


[Site "https://www.chess.com"]

[Event "Titled Tuesday Blitz May 2 Late 2023"]
[White "Seletsky, Grigory"]
[Black "Lee, Linden"]
[WhiteFideId "14112191"]
[BlackFideId "30941830"]
[WhiteElo "2490"]
[BlackElo "1985"]
[Result "0-1"]
[Round "03"]
[TimeControl "180+2"]
[Date "2023.05.02"]
[WhiteClock "0:00:01"]
[BlackClock "0:00:42"]

1. c3 c5 2. d4 Nf6 3. Nf3 g6 4. Bf4 Bg7 5. e3 O-O 6. h3 Qb6 7. Qb3 d5 8. Nbd2 Nc6 9. Be2 h6 10. O-O g5 11. Bh2 Bf5 12. a3 Be6 13. Qxb6 axb6 14. Rac1 Bf5 15. Bd1 Bd3 16. Re1 Rfc8 17. Bc2 Bxc2 18. Rxc2 e6 19. Kf1 Nd7 20. Rcc1 b5 21. dxc5 Nxc5 22. Red1 Nd3 23. Rb1 Na5 24. Ne1 Nc5 25. b4 Na4 26. bxa5 Nxc3 27. Rdc1 Nxb1 28. Rxb1 Rxa5 29. Bd6 Bc3 30. Nb3 Ra6 31. Bc5 b6 32. Bb4 Bxb4 33. axb4 Ra4 34. Nd3 Rc3 35. Nbc1 f6 36. Ke1 Kf7 37. Kd2 Rc4 38. f4 Ke7 39. Nb3 Ra2+ 40. Kd1 Rxg2 41. Nd4 Rc3 42. Ne1 Rh2 43. Ra1 Rxe3 44. Ra7+ Kf8 45. f5 exf5 46. Nxf5 Re5 47. Nd4 Rxh3 48. Rb7 Re4 49. Ndc2 d4 50. Rd7 Rb3 51. Kd2 h5 52. Nxd4 Rxb4 53. Nec2 Rc4 54. Kd3 Re7 55. Rd8+ Kf7 56. Rd6 Rc5 57. Rxb6 h4 58. Ne3 h3 59. Nef5 h2 0-1


[Site "https://www.chess.com"]

[Event "Titled Tuesday Blitz May 2 Late 2023"]
[White "Baltic, Fatih"]
[Black "Novik, Maxim"]
[WhiteFideId "12979090"]
[BlackFideId "4102924"]
[WhiteElo "2200"]
[BlackElo "2287"]
[Result "1-0"]
[Round "03"]
[TimeControl "180+2"]
[Date "2023.05.02"]
[WhiteClock "0:00:06"]
[BlackClock "0:00:02"]

1. e4 c6 2. d3 d5 3. Nd2 e5 4. Ngf3 Bd6 5. Be2 Nf6 6. c3 O-O 7. O-O Re8 8. Qc2 Nbd7 9. b3 a5 10. a3 b6 11. Bb2 Ba6 12. Rfe1 Bf8 13. Nf1 Qc7 14. b4 Rad8 15. Rad1 c5 16. bxa5 bxa5 17. c4 d4 18. Ng3 g6 19. Bc1 Rb8 20. Bd2 Bb7 21. Qa4 Ra8 22. h4 Bc6 23. Qc2 Rab8 24. h5 a4 25. Nh4 Rb3 26. Ra1 Reb8 27. Qc1 Qd8 28. Bg5 Qa5 29. Bd2 Qd8 30. Bg5 Rc3 31. Qd2 Qb6 32. Bxf6 Nxf6 33. Qg5 Qd8 34. hxg6 hxg6 35. Qxe5 Nd7 36. Qf4 g5 37. Qg4 Ne5 38. Qf5 gxh4 39. Nh5 Nd7 40. e5 Bh6 41. e6 Qg5 42. Qxf7+ Kh8 43. Bf3 Rf8 44. exd7 Rxf7 45. Re8+ Rf8 46. Bxc6 Rc1+ 47. Rxc1 Qxc1+ 48. Kh2 Bf4+ 49. Nxf4 Qxf4+ 50. Kh1 Qc1+ 51. Kh2 Qf4+ 52. Kh1 Qf6 53. Bb5 Kg7 54. Bxa4 Kh6 55. Bc6 Kg5 56. Be4 1-0


[Site "https://www.chess.com"]

[Event "Titled Tuesday Blitz May 2 Late 2023"]
[White "Ciolacu, Alessia-Mihaela"]
[Black "Wadsworth, Matthew J"]
[WhiteFideId "1252640"]
[BlackFideId "415804"]
[WhiteElo "1913"]
[BlackElo "2330"]
[Result "0-1"]
[Round "03"]
[TimeControl "180+2"]
[Date "2023.05.02"]
[WhiteClock "0:00:03"]
[BlackClock "0:00:31"]

1. Nf3 d5 2. e3 Nf6 3. c4 c6 4. b3 g6 5. Bb2 Bg7 6. Qc2 O-O 7. Be2 a6 8. d4 Bf5 9. Qc1 Nbd7 10. Nc3 b5 11. Nh4 Be6 12. c5 a5 13. a3 Ne4 14. b4 axb4 15. axb4 Rxa1 16. Qxa1 Qa8 17. O-O f5 18. Nf3 h6 19. h4 Bf7 20. Qxa8 Rxa8 21. Ra1 Rxa1+ 22. Bxa1 Kf8 23. Nxe4 dxe4 24. Nd2 e5 25. Bd1 exd4 26. exd4 Nf6 27. Bb3 Nd5 28. Bxd5 Bxd5 29. Bc3 Ke7 30. g3 Ke6 31. Kf1 g5 32. hxg5 hxg5 33. Ke2 g4 34. Kd1 Bh6 35. Nf1 Bb3+ 36. Ke1 Kd5 37. Ne3+ Bxe3 38. fxe3 Kc4 39. Kd2 Ba4 40. d5 Kxd5 41. Kc1 Kc4 42. Kb2 Kd3 43. Bd4 Ke2 44. Kc3 Kf3 45. Kd2 Kxg3 46. Be5+ Kf2 47. Bf6 g3 48. Bh4 Bb3 49. Kc1 Bc4 50. Kd2 f4 51. exf4 e3+ 52. Kc3 e2 53. Bxg3+ Kxg3 54. f5 e1=Q+ 0-1


[Site "https://www.chess.com"]

[Event "Titled Tuesday Blitz May 2 Late 2023"]
[White "Koziorowicz, Michal"]
[Black "Miszler, Levente"]
[WhiteFideId "21809194"]
[BlackFideId "763276"]
[WhiteElo "2255"]
[BlackElo "2176"]
[Result "1-0"]
[Round "03"]
[TimeControl "180+2"]
[Date "2023.05.02"]
[WhiteClock "0:01:08"]
[BlackClock "0:00:24"]

1. e4 e5 2. Nf3 Nc6 3. Bb5 a6 4. Ba4 b5 5. Bb3 Nf6 6. O-O Be7 7. Re1 O-O 8. c3 d5 9. exd5 Nxd5 10. Nxe5 Nxe5 11. Rxe5 Bb7 12. d4 Bf6 13. Re1 Re8 14. Nd2 Nf4 15. Nf3 Rxe1+ 16. Nxe1 Nxg2 17. Nxg2 c5 18. dxc5 Qe7 19. Bf4 Qe4 20. Qg4 h5 21. Qh3 Re8 22. Rf1 Qe2 23. Bd6 Bf3 24. Qd7 Re4 25. Bxf7+ Kh8 26. Qc8+ Kh7 27. Qf5+ Kh8 28. Bg6 Bg4 29. Qxe4 1-0


[Site "https://www.chess.com"]

[Event "Titled Tuesday Blitz May 2 Late 2023"]
[White "Gutkin, Ilya"]
[Black "Saveliev, Alexei"]
[WhiteFideId "16203470"]
[BlackFideId "24128546"]
[WhiteElo "2265"]
[BlackElo "2271"]
[Result "1-0"]
[Round "03"]
[TimeControl "180+2"]
[Date "2023.05.02"]
[WhiteClock "0:00:06"]
[BlackClock "0:00:04"]

1. Nf3 g6 2. d4 Bg7 3. e4 d6 4. c3 Nc6 5. d5 Nb8 6. Bd3 c5 7. c4 Nf6 8. Nc3 O-O 9. h3 e6 10. O-O exd5 11. exd5 a6 12. a4 Bd7 13. Re1 Qc8 14. Qc2 Bxh3 15. gxh3 Qxh3 16. Nh2 Nbd7 17. Bf1 Qh4 18. Bg2 Ne5 19. Ne4 Nfg4 20. Nxg4 Nxg4 21. Bf4 Be5 22. Bg3 Bxg3 23. fxg3 Qh2+ 24. Kf1 Rae8 25. Nf2 Qxg3 26. Nxg4 Qxg4 27. b3 h5 28. Qf2 h4 29. Qf3 Qd4 30. Rxe8 Rxe8 31. Re1 Rxe1+ 32. Kxe1 Kg7 33. Ke2 Qb2+ 34. Kf1 b6 35. Qd3 Qe5 36. Qe4 Qb2 37. Qd3 f5 38. Bf3 Qc1+ 39. Kg2 Qf4 40. Be2 g5 41. Qf3 Qe5 42. Qh5 Qf6 43. Bf3 g4 44. Be2 Qg6 45. Qxh4 Qf7 46. Qg5+ Kh8 47. Qh6+ Kg8 48. Qxd6 Kg7 49. Qe5+ Kh7 50. Qe6 Qc7 51. Bd3 Kg7 52. Qxf5 Qe7 53. Qg6+ Kf8 54. Qf5+ Kg7 55. Qh7+ Kf6 56. Qxe7+ Kxe7 57. Kg3 b5 58. axb5 a5 59. Kxg4 1-0


[Site "https://www.chess.com"]

[Event "Titled Tuesday Blitz May 2 Late 2023"]
[White "Rafiee, Makan"]
[Black "Maze, Sebastien"]
[WhiteFideId "24609340"]
[BlackFideId "613762"]
[WhiteElo "2327"]
[BlackElo "2462"]
[Result "0-1"]
[Round "03"]
[TimeControl "180+2"]
[Date "2023.05.02"]
[WhiteClock "0:01:25"]
[BlackClock "0:01:04"]

1. e4 c5 2. Nf3 Nc6 3. d4 cxd4 4. Nxd4 g6 5. c4 Bg7 6. Nc2 Nf6 7. Nc3 d6 8. Be2 Nd7 9. Bd2 Nc5 10. b4 Ne6 11. O-O O-O 12. Rc1 Ned4 13. Nxd4 Nxd4 14. Bg4 Bxg4 15. Qxg4 Rc8 16. Nd5 e6 17. Ne3 f5 18. exf5 gxf5 19. Qd1 f4 20. Ng4 h5 21. Bc3 e5 22. Bxd4 exd4 23. Nh6+ Bxh6 24. Qxd4 f3 25. Rc3 Qg5 26. g3 Bg7 27. Qe3 Qg4 0-1


[Site "https://www.chess.com"]

[Event "Titled Tuesday Blitz May 2 Late 2023"]
[White "Ambartsumova, Karina"]
[Black "Berg, Olaf"]
[WhiteFideId "4166299"]
[BlackFideId "7200420"]
[WhiteElo "2240"]
[BlackElo "2269"]
[Result "0-1"]
[Round "03"]
[TimeControl "180+2"]
[Date "2023.05.02"]
[WhiteClock "0:00:13"]
[BlackClock "0:00:41"]

1. e4 c5 2. Nf3 d6 3. Bb5+ Nd7 4. c4 g6 5. d4 Bg7 6. O-O a6 7. Ba4 Qc7 8. Nc3 e6 9. dxc5 dxc5 10. Bg5 Ne7 11. Qd2 h6 12. Bxe7 Kxe7 13. Rad1 Ne5 14. Nxe5 Bxe5 15. f4 Bd4+ 16. Kh1 Bd7 17. Bxd7 Qxd7 18. f5 g5 19. fxe6 fxe6 20. Ne2 Rad8 21. Qc2 Rhf8 22. e5 Rf5 23. Ng3 Rxf1+ 24. Rxf1 Bxe5 25. Qh7+ Kd6 26. Ne4+ Kc6 27. Qxh6 Rh8 28. Qxg5 Rxh2+ 29. Kg1 Qd4+ 30. Nf2 Kb6 31. Rd1 Qxb2 32. Qg6 Ka7 0-1


[Site "https://www.chess.com"]

[Event "Titled Tuesday Blitz May 2 Late 2023"]
[White "Sai Han Thiha"]
[Black "Seemann, Jakub"]
[WhiteFideId "13012290"]
[BlackFideId "21874697"]
[WhiteElo "1954"]
[BlackElo "2364"]
[Result "0-1"]
[Round "03"]
[TimeControl "180+2"]
[Date "2023.05.02"]
[WhiteClock "0:00:01"]
[BlackClock "0:00:01"]

1. d4 Nf6 2. c4 c6 3. Nc3 d5 4. cxd5 cxd5 5. Bf4 Nc6 6. e3 a6 7. Nf3 e6 8. Bd3 Bd6 9. Bxd6 Qxd6 10. O-O O-O 11. Rc1 b5 12. a4 b4 13. Nb1 Bd7 14. Nbd2 Rfc8 15. Nb3 Be8 16. Qe2 Ne7 17. Rxc8 Nxc8 18. Nc5 a5 19. Ne5 Nb6 20. b3 Nfd7 21. Qc2 h6 22. Ncxd7 Nxd7 23. f4 Nb6 24. Qc5 Qd8 25. f5 Rc8 26. Qxa5 f6 27. Nf3 Rc3 28. Bb5 Bxb5 29. Qxb5 Rxe3 30. fxe6 Rxe6 31. Qxb4 Rc6 32. Re1 Nc8 33. Qb5 Qc7 34. h3 Nd6 35. Qxd5+ Kh7 36. Qe6 Rc1 37. Rxc1 Qxc1+ 38. Kf2 Qb2+ 39. Kg3 Qa3 40. d5 Qb4 41. h4 Ne4+ 42. Kh2 Nf2 43. Qf5+ Kg8 44. d6 Ng4+ 45. Kg3 h5 46. d7 Qd6+ 47. Ne5 Nxe5 0-1


[Site "https://www.chess.com"]

[Event "Titled Tuesday Blitz May 2 Late 2023"]
[White "Domingo Nunez, Ruben"]
[Black "Papayan, Oleg"]
[WhiteFideId "22245570"]
[BlackFideId "4193911"]
[WhiteElo "2404"]
[BlackElo "2153"]
[Result "1/2-1/2"]
[Round "03"]
[TimeControl "180+2"]
[Date "2023.05.02"]
[WhiteClock "0:00:05"]
[BlackClock "0:00:06"]

1. e4 d5 2. exd5 Qxd5 3. Nc3 Qa5 4. Bc4 Nf6 5. d3 a6 6. h3 b5 7. Qf3 c6 8. Bb3 Bb7 9. g4 h6 10. Ne2 Nbd7 11. Rg1 e6 12. Bd2 Qc7 13. h4 c5 14. Qh3 Ne5 15. Bf4 Bd6 16. Bxe5 Bxe5 17. O-O-O O-O-O 18. Qe3 Rd4 19. f3 Bf4 20. Nxf4 Qxf4 21. Qxf4 Rxf4 22. g5 hxg5 23. Rxg5 Bxf3 24. Rf1 Rhxh4 25. Rxc5+ Kd7 26. a4 b4 27. Nb1 Bd5 28. Rg1 Bxb3 29. cxb3 g6 30. Ra5 Nd5 31. Nd2 Rh2 32. Ne4 Rf3 33. Rxa6 Ke7 34. Ra7+ Kf8 35. Ng5 Rxd3 36. Rxf7+ Ke8 37. Re1 Rxb3 38. Rxe6+ Kd8 39. Rd6+ Ke8 40. Rxd5 Rbxb2 41. Re5+ Kd8 42. Ne6+ Ke8 43. Ng5+ Kd8 44. Rf8+ Kd7 45. Rf7+ Kd8 1/2-1/2


[Site "https://www.chess.com"]

[Event "Titled Tuesday Blitz May 2 Late 2023"]
[White "Colpe, Malte"]
[Black "Grinev, Valeriy"]
[WhiteFideId "24623075"]
[BlackFideId "14117517"]
[WhiteElo "2289"]
[BlackElo "2366"]
[Result "1-0"]
[Round "03"]
[TimeControl "180+2"]
[Date "2023.05.02"]
[WhiteClock "0:01:29"]
[BlackClock "0:01:51"]

1. c4 c5 2. Nf3 Nc6 3. Nc3 Nf6 4. e3 g6 5. d4 cxd4 6. Nxd4 d5 7. cxd5 Nxd5 8. Nxc6 bxc6 9. Bc4 Be6 10. Qd4 f6 11. O-O Bf7 12. Nxd5 Bxd5 13. b3 e5 14. Qc3 Be7 15. Rd1 Rc8 16. e4 O-O 17. exd5 cxd5 18. Rxd5 Rxc4 19. Qxc4 Qe8 20. Rd8+ Qf7 21. Rxf8+ Kxf8 22. Qxf7+ Kxf7 23. Be3 a6 24. Rc1 f5 25. Rc6 a5 26. Bd2 a4 27. bxa4 1-0


[Site "https://www.chess.com"]

[Event "Titled Tuesday Blitz May 2 Late 2023"]
[White "Jarmula, Lukasz"]
[Black "Rottenwohrer Suarez, Juan"]
[WhiteFideId "1160664"]
[BlackFideId "32068182"]
[WhiteElo "2372"]
[BlackElo "2174"]
[Result "1-0"]
[Round "03"]
[TimeControl "180+2"]
[Date "2023.05.02"]
[WhiteClock "0:01:22"]
[BlackClock "0:00:03"]

1. b3 a5 2. Nc3 g6 3. e4 Bg7 4. Nf3 c5 5. Bc4 e6 6. e5 d5 7. exd6 Qxd6 8. Bb2 Nf6 9. Nb5 Qd8 10. Be5 O-O 11. Bc7 Qd7 12. Ne5 Qe8 13. Bd6 Ne4 14. Nc7 Qd8 15. Bxf8 Bxe5 16. Nxa8 Qxf8 17. Nb6 Nc6 18. O-O Qh6 19. h3 Ne7 20. Nxc8 Nxc8 21. Qg4 Nxd2 22. Bxe6 Nxf1 23. Rxf1 Nd6 24. Bd5 Bd4 25. Qg3 Nf5 26. Qb8+ Kg7 27. Qe8 Nd6 28. Qe7 Qf4 29. c3 Bxc3 30. g3 Qf6 31. Qxf6+ Kxf6 32. Rd1 Bd4 33. Rd3 b6 34. a4 Ke7 35. Kg2 f5 36. Rd2 Kf6 37. Re2 Be5 38. f4 Bd4 39. Re6+ 1-0


[Site "https://www.chess.com"]

[Event "Titled Tuesday Blitz May 2 Late 2023"]
[White "Kjartansson, David"]
[Black "Gasparyan, David"]
[WhiteFideId "2301130"]
[BlackFideId "13311980"]
[WhiteElo "2333"]
[BlackElo "2142"]
[Result "1-0"]
[Round "03"]
[TimeControl "180+2"]
[Date "2023.05.02"]
[WhiteClock "0:00:29"]
[BlackClock "0:00:23"]

1. d4 Nf6 2. Nc3 d5 3. Bf4 a6 4. e3 Bf5 5. Nf3 e6 6. Ne5 Nbd7 7. g4 Be4 8. f3 Bg6 9. h4 Nxe5 10. dxe5 d4 11. Ne2 Bxc2 12. Qxc2 d3 13. Qa4+ b5 14. Qb3 dxe2 15. Bxe2 Nd5 16. Rd1 Qe7 17. Rxd5 exd5 18. Qxd5 Rd8 19. Qc6+ Qd7 20. Qxa6 Bb4+ 21. Kf2 c6 22. Rd1 Qc8 23. Rxd8+ Kxd8 24. Qa7 Qd7 25. Qb8+ Qc8 26. Qb6+ Qc7 27. Qd4+ Kc8 28. Qxb4 Qb8 29. e6 Qb7 30. exf7 Qxf7 31. Qd6 Qb7 32. Qe6+ Qd7 33. Qe5 Kb7 34. a4 bxa4 35. Qa5 Ra8 36. Qb4+ Kc8 37. Ba6+ Kd8 38. Qf8+ Qe8 39. Qxg7 Qd7 40. Qf8+ Qe8 41. Bg5+ Kd7 42. Qf5+ Kc7 43. Qa5+ Kd7 44. Qb6 Qe5 45. Qb7+ Kd6 46. Bf4 Qxf4 47. exf4 Re8 48. Qb4+ Kc7 49. Qxa4 Kd6 50. Bd3 Kc7 51. Be4 Re6 52. Qxc6+ Rxc6 53. Bxc6 Kxc6 54. f5 Kd6 55. Ke3 Ke5 56. f4+ Kd5 57. h5 h6 58. g5 Kd6 59. gxh6 Ke7 60. b4 Kf7 61. b5 Kg8 62. b6 Kf7 63. b7 Ke7 64. f6+ Ke6 65. Ke4 Kf7 66. f5 Kg8 67. b8=Q+ Kh7 68. Qc7+ Kxh6 69. Qg7+ Kxh5 70. Qg6+ Kh4 71. f7 Kh3 72. f8=Q Kh2 73. Qh8# 1-0


[Site "https://www.chess.com"]